 Dungeon Crawl Stone Soup version 0.30-a0-881-g1ff12e1e11 (webtiles) character file.

Game seed: 14430374106889243383

289 jasper the Magician (level 6, 0/28 HPs)
             Began as a Spriggan Venom Mage on Mar 14, 2023.
             Was a Believer of Ashenzari.
             Slain by a phantom (5 damage)
             ... on level 5 of the Dungeon.
             The game lasted 00:09:42 (4852 turns).

jasper the Magician (Spriggan Venom Mage)           Turns: 4852, Time: 00:09:42

Health: 0/28       AC:  2    Str:  4    XL:     6   Next: 9%
Magic:  19/25      EV: 18    Int: 19    God:    Ashenzari [**....]
Gold:   224        SH:  0    Dex: 15    Spells: 8/18 levels left

rFire   . . .      SeeInvis +    i - +1 dagger "All-seeing Mistrust" {heavy, Range, Bglg} (curse)
rCold   . . .      Faith    .    (no shield)
rNeg    . . .      Spirit   .    a - +0 robe "Gaze Upon Infinity" {Bglg, Evo} (curse)
rPois   .          Reflect  .    (helmet restricted)
rElec   .          Rampage  .    (no cloak)
rCorr   .                        (gloves unavailable)
Will    +....                    (boots unavailable)
Stlth   +++                      (no amulet)
HPRegen 0.24/turn                n - ring "Shackled Adversity" {MP+9, Cun, Self} (curse)
MPRegen 0.19/turn                (no ring)

@: very quick
A: very small, no large weapons, unfitting armour, see invisible, speed 3
a: Renounce Religion, Shatter the Chains


You were on level 5 of the Dungeon.
You worshipped Ashenzari.
Ashenzari was pleased with you.
You visited 1 branch of the dungeon, and saw 5 of its levels.

You collected 224 gold pieces.

Inventory:

Hand Weapons
 i - the cursed +1 dagger "All-seeing Mistrust" (weapon) {heavy, Range, Bglg}
   (You took it off a goblin on level 1 of the Dungeon)

   It has a curse which improves the following skills: Ranged Combat: Ranged
   Weapons and Throwing.
   Beguiling: Conjurations, Hexes and Translocations.
Armour
 a - the cursed +0 robe "Gaze Upon Infinity" (worn) {Bglg, Evo}

   It has a curse which improves the following skills: Beguiling: Conjurations,
   Hexes and Translocations.
   Evocations: Evocations.
Jewellery
 k - an amulet of faith
 n - the cursed ring "Shackled Adversity" (left hand) {MP+9, Cun, Self}
   (You found it on level 2 of the Dungeon)

   [ring of magical power]

   MP:        It affects your magic capacity (+9).
   It has a curse which improves the following skills: Cunning: Dodging and
   Stealth.
   Introspection: Fighting and Spellcasting.
Scrolls
 f - 4 scrolls of noise
 h - 3 scrolls of identify
 j - 2 scrolls of blinking
 l - a scroll of poison
 p - 2 scrolls of teleportation
Potions
 b - 2 potions of magic
 c - 3 potions of attraction
 d - 2 potions of heal wounds
 e - 2 potions of degeneration
 g - a potion of mutation
 m - a potion of ambrosia
 o - 3 potions of curing


   Skills:
 - Level 2.6(3.7) Dodging
 - Level 3.0(4.1) Stealth
 * Level 5.5(6.7) Spellcasting
 - Level 1.6(3.0) Conjurations
 - Level 1.3 Transmutations
 - Level 1.1 Air Magic
 + Level 4.6 Poison Magic


You had 8 spell levels left.
You knew the following spells:

 Your Spells              Type           Power      Damage    Failure   Level
a - Sting                 Tmut/Pois      68%        1d6       3%          1
b - Poisonous Vapours     Pois/Air       34%        N/A       4%          2
c - Mephitic Cloud        Conj/Pois/Air  17%        N/A       10%         3
d - Olgreb's Toxic Radia  Pois           23%        N/A       16%         4

Your spell library contained the following spells:

 Spells                   Type           Power      Damage    Failure   Level
 Gell's Gravitas          Tloc           7%         N/A       28%         3
 Portal Projectile        Hex/Tloc       14%        N/A       28%         3
 Teleport Other           Tloc           7%         N/A       28%         3
 Call Canine Familiar     Summ           6%         N/A       30%         3
 Leda's Liquefaction      Hex/Erth       3%         N/A       69%         4
 Dispersal                Tloc           3%         N/A       100%        6


Dungeon Overview and Level Annotations

Branches:
Dungeon (5/15)
 Temple: D:4-7

Altars:
Ashenzari

Shops:
D:2 [


Innate Abilities, Weirdness & Mutations

You are very small and have problems with some larger weapons.
You are too small for most types of armour.
You have supernaturally acute eyesight. (SInv)
You cover ground extremely quickly. (Speed+++)


Message History

You kill the iguana!
Training target 3.0 for Conjurations reached!
You have reached level 6!
Health restored: 28
Casting: Sting (safe; 3% risk of failure)
Confirm with . or Enter, or press ? or * to list all spells.
Okay, then.
You start resting.
A phantom is nearby!
Aiming: Sting (safe; 3% risk of failure)
Press: ? - help, Q - select action, (/) - cycle Shift-Dir - straight line, f - phantom
Aim: a phantom (64% to hit)
The sting hits the phantom but does no damage.
You now have 18/25 mp.
Aiming: Sting (safe; 3% risk of failure)
Press: ? - help, Q - select action, (/) - cycle Shift-Dir - straight line, f/p - phantom
Aim: a phantom (64% to hit)
The sting misses the phantom.
You now have 17/25 mp.
You hit the phantom.
The phantom is lightly damaged.
The phantom hits you. x2
You take 11 damage, and have 17/28 hp.
MASSIVE DAMAGE!!
You hit the phantom.
The phantom is lightly damaged.
The phantom completely misses you.
Okay, then.
You hit the phantom but do no damage.
The phantom is lightly damaged.
The phantom hits you.
The phantom blinks!
You blink.
The phantom hits you.
You take 7 damage, and have 10/28 hp.
MASSIVE DAMAGE!!
You closely miss the phantom.
The phantom is lightly damaged.
The phantom closely misses you.
You hit the phantom.
The phantom is moderately damaged.
The phantom hits you.
* * * LOW HITPOINT WARNING * * *
The phantom blinks!
You blink.
The phantom hits you.
You die...

#.# #.#.......# , *
#.# #.##......# * ,
##.####.## #.##.####.#
.........###.#.......#
.####+###.##.#..#.##.#
, #..#.#..#.##.### ,
,{, #......ยง.......#
, , +..#.#..###..### *
, #.##....@.#..# *, ,
######...W...# *
##.#.#.## * ,* #.....#
,,,* #.....# , #.....#
* #. ...# , #. ...#


You could see a phantom.

Vanquished Creatures
  2 orc priests (D:4)
  An iguana (D:5)
  An orc wizard (D:4)
  5 adders
  2 shadow imps (D:4)
  A white imp (D:4)
  4 ufetubi (D:4)
  A worm (D:4)
  A dart slug (D:3)
  5 orcs
  11 ball pythons
  3 endoplasms (D:1)
  6 giant cockroaches
  6 goblins
  10 hobgoblins
  6 jackals
  7 kobolds
  A quokka (D:1)
  7 bats
  A frilled lizard (D:3)
  4 rats
85 creatures vanquished.

Vanquished Creatures (others)
  A demonic plant (D:4)
1 creature vanquished.

Grand Total: 86 creatures vanquished

Notes
Turn   | Place    | Note
-------+----------+-------------------------------------------
     0 | D:1      | jasper the Spriggan Venom Mage began the quest for the Orb.
     0 | D:1      | Reached XP level 1. HP: 9/9 MP: 5/5
   127 | D:1      | Reached skill level 3 in Spellcasting
   260 | D:1      | Reached XP level 2. HP: 13/13 MP: 0/7
   263 | D:1      | Learned a level 2 spell: Poisonous Vapours
   510 | D:1      | Found a faded altar of an unknown god.
   528 | D:1      | Prayed at the altar of an unknown god.
   528 | D:1      | Became a worshipper of Ashenzari the Shackled
   901 | D:1      | Reached XP level 3. HP: 16/16 MP: 7/9
   926 | D:1      | Learned a level 3 spell: Mephitic Cloud
  1612 | D:2      | Reached skill level 4 in Spellcasting
  1921 | D:2      | Found Etaoru's Armour Boutique.
  2461 | D:2      | Reached XP level 4. HP: 18/21 MP: 11/11
  3349 | D:3      | Reached * piety under Ashenzari
  3467 | D:3      | Learned a level 4 spell: Olgreb's Toxic Radiance
  3497 | D:3      | Found a broken altar of Ashenzari.
  3910 | D:4      | Reached skill level 1 in Conjurations
  3985 | D:4      | Reached XP level 5. HP: 24/24 MP: 13/13
  4121 | D:4      | Reached skill level 5 in Spellcasting
  4121 | D:4      | Reached skill level 1 in Air Magic
  4437 | D:4      | Reached ** piety under Ashenzari
  4792 | D:5      | Entered Level 5 of the Dungeon
  4835 | D:5      | Noticed a phantom
  4841 | D:5      | Reached XP level 6. HP: 28/28 MP: 16/16
  4852 | D:5      | Slain by a phantom

Illustrated notes

Levels and vault maps discovered:
D:1:      ncdulo_lavacross, layout_loops_ring,
          shapermc_ecumenical_altar_pompeii, minmay_liquid_box
D:2:      layout_basic, serial_shops, nicolae_shop_waterfront
D:3:      layout_rooms, evilmike_ruin_ashenzari
D:4:      layout_basic, serial_demonic, serial_demonic_e, serial_demonic_g,
          serial_demonic_a, serial_demonic_c, serial_demonic_e, serial_demonic_a
D:5:      layout_loops_cross, lemuel_round_altar, kennysheep_vampire_church,
          minmay_temple_entry_hall, serial_shops, nicolae_square_shop,
          nicolae_shop_gadgets

Skill      XL: |  1  2  3  4  5 |
---------------+----------------+-----
Spellcasting   | 3 4 5 |  5.5
Poison Magic   | 4 |  4.6
Conjurations   | 1 |  1.6
Air Magic      | 1 |  1.1
Dodging        | |  2.6
Stealth        | |  3.0
Transmutations | |  1.3

Action                     |  1- 3 |  4- 6 || total
---------------------------+-------+-------++-------
  Melee: Dagger            |     9 |    16 ||    25
   Cast: Sting             |    72 |    43 ||   115
         Poisonous Vapours |    19 |    55 ||    74
         Olgreb's Toxic Ra |       |     1 ||     1
 Invoke: Curse Item        |     1 |     2 ||     3
    Use: Scroll            |     4 |     4 ||     8
 Armour: Robe              |     1 |     2 ||     3
  Dodge: Dodged            |    43 |    34 ||    77

Table legend: (Time is in decaauts)
 A = Elapsed time spent in this place.
 B = Non-inter-level travel time spent in this place.
 C = Inter-level travel time spent in this place.
 D = Time resting spent in this place.
 E = Time spent auto-exploring this place.
 F = Levels seen in this place.
 G = Mean time per level.
                   A        B        C        D        E       F      G
               +--------+--------+--------+--------+--------+-----+--------+
         Total |   3760 |   3662 |     98 |    282 |   2781 |   5 |  752.0 |
       Dungeon |   3760 |   3662 |     98 |    282 |   2781 |   5 |  752.0 |
               +--------+--------+--------+--------+--------+-----+--------+

Top non-repeatable levels by time:
     D:2: 1250 daAuts
     D:1: 1032 daAuts
     D:4: 825 daAuts
     D:3: 607 daAuts
     D:5: 45 daAuts
